 Dungeon Crawl Stone Soup version 0.24-a0-181-gd121a6d (webtiles) character file.

Game seed: 15014059955418956261

6 emperorscorpion the Chopper (level 1, 1/11 HPs)
             Began as a Vine Stalker Berserker on Mar 14, 2019.
             Was a Follower of Trog.
             Quit the game on level 1 of the Dungeon.
             The game lasted 00:01:08 (129 turns).

emperorscorpion the Chopper (Vine Stalker Berserker) Turns: 129, Time: 00:01:09

Health: 1/11       AC:  2    Str: 19    XL:     1   Next: 90%
Magic:  1/2        EV: 12    Int:  7    God:    Trog [*.....]
Gold:   18         SH:  0    Dex: 13    Spells: 0/0 levels left

rFire    . . .     SeeInvis .   d - +0 dagger (curse)
rCold    . . .     Gourm    .   (no shield)
rNeg     . . .     Faith    .   b - +0 animal skin
rPois    .         Spirit   +   (no helmet)
rElec    .         Reflect  .   (no cloak)
rCorr    .         Harm     .   (no gloves)
MR       .....                  (no boots)
Stlth    +.........             (no amulet)
HPRegen  0.03/turn              e - ring of flight
MPRegen  0.08/turn              (no ring)

@: no status effects
A: fangs 2, magic shield, antimagic bite, no potion heal 3, rot immunity
a: Berserk, Renounce Religion, Evoke Flight


You were on level 1 of the Dungeon.
You worshipped Trog.
Trog was aware of your devotion.
You were not hungry.

You visited 1 branch of the dungeon, and saw 1 of its levels.

You collected 18 gold pieces.

Inventory:

Hand Weapons
 a - a +0 hand axe
 d - a cursed +0 dagger (weapon)
 g - a +0 vampiric dagger
Armour
 b - a +0 animal skin (worn)
Jewellery
 e - a ring of flight (left hand)
Potions
 f - a potion of might {unknown}
Comestibles
 c - a ration
 h - a chunk of flesh


   Skills:
 + Level 2.8 Fighting
 + Level 2.8 Axes
 + Level 1.5 Armour
 + Level 1.5 Dodging
 + Level 0.6 Stealth


You couldn't memorise any spells.
You didn't know any spells.
Your spell library was empty.

Dungeon Overview and Level Annotations

Branches:
Dungeon (1/15)

Altars:


Innate Abilities, Weirdness & Mutations

You have extremely sharp teeth.
When hurt, damage is shared between your health and your magic reserves.
Your bite disrupts and absorbs the magic of your enemies.
Potions cannot restore your health.
You are immune to rotting.


Message History

The bat closely misses you. The bat hits you but does no damage.
The bat hits you.
* * * LOW HITPOINT WARNING * * *
You closely miss the bat. Your bite misses the bat. The bat barely misses you.
The bat hits you.
* * * LOW HITPOINT WARNING * * *
You hit the bat. Your bite misses the bat.
The bat is severely wounded.
The bat closely misses you. The bat barely misses you.
The bat hits you but does no damage.
You hit the bat but do no damage. Your bite misses the bat.
The bat is moderately wounded.
The bat closely misses you. The bat hits you.
Saving game... please wait.
Welcome back, emperorscorpion the Vine Stalker Berserker.
Trog says: Kill them all!
Press ? for a list of commands and other information.
Are you sure you want to abandon this character and quit the game? (Confirm with "yes".)

#....#
###+###....##
#....#
#.....#
#....#
#.....#
#....#
#.....#
##+###
+...).#
#.....#
#.....+
##...## #.#
#.@.### #.#
#..b..# #.#
#.....# #.#
#.....# #.#
####### #.###
#...# #...#
##...##


You could see a bat.

Vanquished Creatures
  A bat (D:1)
  A giant cockroach (D:1)
  A hobgoblin (D:1)
  A ball python (D:1)
  2 rats (D:1)
6 creatures vanquished.

Notes
Turn   | Place    | Note
-------+----------+-------------------------------------------
     0 | D:1      | emperorscorpion the Vine Stalker Berserker began the quest
                  | for the Orb.
     0 | D:1      | Reached XP level 1. HP: 11/11 MP: 2/2
   129 | D:1      | Quit the game

Levels and vault maps discovered:
D:1:      psy_arrival_radial01, layout_basic

Action                   || total
-------------------------++-------
Melee: Dagger            ||    29
       Bite              ||     5
Armor: Animal skin       ||    14
Dodge: Dodged            ||    34

Table legend:
 A = Non-vault XP
 B = Vault XP
 C = Vault XP percentage of total XP
 D = Non-vault monster count
 E = Vault monster count
 F = Vault count percentage of total count
                 A         B        C        D         E       F
            +---------+---------+-------+---------+---------+-------
      Total |       9 |       0 |   0.0 |       6 |       0 |   0.0
            +---------+---------+-------+---------+---------+-------
        D:1 |       9 |       0 |   0.0 |       6 |       0 |   0.0
            +---------+---------+-------+---------+---------+-------
